 Dungeon Crawl Stone Soup version 0.31-a0-851-g7ff8af7 (webtiles) character file.

Game seed: 12026800209159816360

4 uhhuh the Charlatan (level 1, -3/15 HPs)
             Began as a Demonspawn Artificer on Oct 7, 2023.
             Slain by a quokka (4 damage)
             ... on level 1 of the Dungeon.
             The game lasted 00:02:12 (142 turns).

uhhuh the Charlatan (Demonspawn Artificer)           Turns: 142, Time: 00:02:12

Health: -3/15      AC:  3    Str: 12    XL:     1   Next: 50%
Magic:  1/1        EV: 11    Int: 12    God:
Gold:   0          SH:  0    Dex: 13    Spells: 0/0 levels left

rFire   . . .        a - +0 club
rCold   . . .        (no shield)
rNeg    . . .        b - +0 leather armour
rPois   .            (no helmet)
rElec   .            (no cloak)
rCorr   .            (no gloves)
SInv    .            (no boots)
Will    .....        (no amulet)
Stlth   +            (no ring)
HPRegen 0.22/turn    (no ring)
MPRegen 0.07/turn

%: no passive effects
@: no status effects
A: no striking features
a: no special abilities


You were on level 1 of the Dungeon.
You visited 1 branch of the dungeon, and saw 1 of its levels.

Inventory:

Hand Weapons
 a - a +0 club (weapon)
Armour
 b - a +0 leather armour (worn)
Wands
 c - a wand of flame (15) (quivered)
 d - a wand of charming (15)
 e - a wand of iceblast (5)
Potions
 f - a potion of cancellation {unknown}


   Skills:
 + Level 1.0 Fighting
 + Level 1.7 Armour
 + Level 0.8 Dodging
 + Level 0.8 Stealth
 + Level 3.3 Evocations


You couldn't memorise any spells.
You didn't know any spells.
Your spell library was empty.

Dungeon Overview and Level Annotations

Branches:
Dungeon (1/15)

Altars:


Message History

Found 2 stones.
A quokka comes into view.
The giant cockroach barely misses you. The rat barely misses you.
You hit the rat but do no damage.
The giant cockroach bites you but does no damage.
The rat closely misses you.
The giant cockroach completely misses you.
The quokka bites you but does no damage.
The rat bites you.
You hit the rat.
The rat is severely wounded.
The giant cockroach barely misses you. The quokka bites you.
The rat completely misses you.
The giant cockroach bites you but does no damage.
You hit the giant cockroach.
The giant cockroach is heavily wounded.
The quokka bites you. The rat bites you. The giant cockroach bites you.
The quokka bites you but does no damage.
You closely miss the giant cockroach.
The giant cockroach is heavily wounded.
The giant cockroach barely misses you.
The quokka bites you but does no damage.
The rat barely misses you. The giant cockroach barely misses you.
The quokka bites you.
You hit the giant cockroach but do no damage.
The giant cockroach is heavily wounded.
The rat misses you. The giant cockroach barely misses you.
The quokka bites you. The rat bites you but does no damage.
You hit the giant cockroach.
The giant cockroach is severely wounded.
The giant cockroach bites you but does no damage.
The quokka barely misses you. The rat bites you.
The giant cockroach barely misses you. The quokka bites you.
* * * LOW HITPOINT WARNING * * *
You hit the giant cockroach.
You kill the giant cockroach!
The rat bites you.
* * * LOW HITPOINT WARNING * * *
The quokka bites you.
You die...

#. #.######## #.........
#......... #......... ..
#...(..... ...
#.rr...... ...
#.@†...... ...
#.........
...############.........
........................
###...#########.........
#...# #......... #...#
#.######.#
#...#########.#### .#
#...#............#


You could see a quokka and a rat.

Vanquished Creatures
  A bat (D:1)
  A giant cockroach (D:1)
  A quokka (D:1)
  A ball python (D:1)
  A frilled lizard (D:1)
5 creatures vanquished.

Notes
Turn   | Place    | Note
-------+----------+-------------------------------------------
     0 | D:1      | uhhuh the Demonspawn Artificer began the quest for the Orb.
     0 | D:1      | Reached XP level 1. HP: 15/15 MP: 1/1
   142 | D:1      | Slain by a quokka

Illustrated notes

Levels and vault maps discovered:
D:1:      minmay_arrival_up_and_down, layout_basic

Action                     || total
---------------------------++-------
  Melee: Club              ||    26
 Armour: Leather armour    ||    32
  Dodge: Dodged            ||    31

Table legend: (Time is in decaauts)
 A = Elapsed time spent in this place.
 B = Non-inter-level travel time spent in this place.
 C = Inter-level travel time spent in this place.
 D = Time resting spent in this place.
 E = Time spent auto-exploring this place.
 F = Levels seen in this place.
 G = Mean time per level.
                   A        B        C        D        E       F      G
               +--------+--------+--------+--------+--------+-----+--------+
         Total |    149 |     77 |     72 |      0 |      0 |   1 |  149.0 |
       Dungeon |    149 |     77 |     72 |      0 |      0 |   1 |  149.0 |
               +--------+--------+--------+--------+--------+-----+--------+

Top non-repeatable levels by time:
     D:1: 149 daAuts
